 Dungeon Crawl Stone Soup version 0.22.1-1-ga44c0e5 (webtiles) character file.

642408 trianova the Slayer (level 27, 0/209 HPs)
             Began as a Demonspawn Fighter on Oct 2, 2018.
             Was a High Priest of Okawaru.
             Killed from afar by an ancient lich (55 damage)
             ... with a bolt of lightning
             ... on level 5 of the Realm of Zot on Oct 3, 2018.
             The game lasted 03:15:53 (53326 turns).

trianova the Slayer (Demonspawn Fighter)           Turns: 53326, Time: 03:15:54

Health: 0/209      AC: 40    Str: 23    XL:     27
Magic:  22/32      EV: 17    Int: 23    God:    Okawaru [*****.]
Gold:   4130       SH:  0    Dex: 17    Spells: 31/38 levels left

rFire    + . .     SeeInvis .   k - +7 lajatang of Order {silver, rMut}
rCold    + . .     Gourm    .   (shield currently unavailable)
rNeg     . . .     Faith    .   j - +13 crystal plate armour of Prudence {rC+ Regen+ Str+4}
rPois    +         Spirit   .   U - +2 helmet of Tenacity {Dex+3}
rElec    .         Reflect  .   K - +2 cloak {rPois}
rCorr    .         Harm     .   (gloves unavailable)
rMut     +                      p - +0 pair of boots of Dim Light {+Inv Int+3}
MR       +++..                  E - amulet of rage
Stlth    ..........             l - ring "Buagol Pygoa" {Wiz Str-3 Int+9 Dex-5 Slay+4 Stlth+}
HPRegen  0.84/turn              n - ring of protection from magic
MPRegen  0.23/turn

@: about to teleport, very slightly contaminated, repel missiles
A: claws 3, repulsion field 3, deformed body, fire resistance 1, hurl damnation,
frail 1, powered by death 3, spiny 3, flame cloud immunity
}: 3/15 runes: serpentine, barnacled, silver
a: Hurl Damnation, Heroism, Finesse, Renounce Religion, Evoke Berserk Rage,
Evoke Invisibility


You were on level 5 of the Realm of Zot.
You worshipped Okawaru.
Okawaru was extremely pleased with you.
You were very hungry.

You visited 8 branches of the dungeon, and saw 46 of its levels.
You visited the Abyss 2 times.
You also visited: Sewer and Desolation.

You collected 6188 gold pieces.
You spent 2058 gold pieces at shops.

Inventory:

Hand Weapons
 k - the +7 lajatang of Order (weapon) {silver, rMut}
   (Okawaru gifted it to you on level 6 of the Lair of Beasts)

   It protects you from mutation.
 R - the +7 longbow "Piercer" {penet, EV-2}
   (You took it off an orc knight on level 2 of the Depths)

   Ammo fired by it will pass through the targets it hits, potentially hitting
   all targets in its path until it reaches maximum range.
   It affects your evasion (-2).
Missiles
 r - 1649 arrows
Armour
 j - the +13 crystal plate armour of Prudence (worn) {rC+ Regen+ Str+4}
   (Okawaru gifted it to you on level 3 of the Abyss)

   It affects your strength (+4).
   It protects you from cold.
   It increases your rate of regeneration.
 p - the +0 pair of boots of Dim Light (worn) {+Inv Int+3}
   (You bought it in a shop on level 14 of the Dungeon)

   It affects your intelligence (+3).
   It lets you turn invisible.
 K - a +2 cloak of poison resistance (worn)
 U - the +2 helmet of Tenacity (worn) {Dex+3}
   (You found it on level 2 of the Depths)

   It affects your dexterity (+3).
Jewellery
 c - an uncursed ring of fire
 l - the ring "Buagol Pygoa" (left claw) {Wiz Str-3 Int+9 Dex-5 Slay+4 Stlth+}
   (You acquired it on level 5 of the Realm of Zot)

   [ring of wizardry]

   It improves your spell success rate.
   It affects your strength (-3).
   It affects your intelligence (+9).
   It affects your dexterity (-5).
   It affects your accuracy and damage with ranged weapons and melee attacks
   (+4).
   It makes you more stealthy.
 m - an uncursed ring of positive energy
 n - a ring of protection from magic (right claw)
 E - an amulet of rage (around neck)
 G - an uncursed ring of protection from cold
 H - an uncursed ring of poison resistance
 O - an uncursed ring of resist corrosion
 Q - an uncursed ring of see invisible
 V - the amulet "Moeklipp" {Gourm +Inv rElec MR- Dex-3}
   (You took it off a big kobold on level 11 of the Dungeon)

   [amulet of the gourmand]

   It allows you to eat raw meat even when not hungry.
   It affects your dexterity (-3).
   It insulates you from electricity.
   It affects your resistance to hostile enchantments.
   It lets you turn invisible.
 Y - the ring of the Good {rPois rN+}
   (You found it on level 12 of the Dungeon)

   [ring of positive energy]

   It protects you from poison.
   It protects you from negative energy.
 Z - a +3 ring of slaying
Wands
 F - a wand of digging (30)
Scrolls
 a - 4 scrolls of fear
 b - 8 scrolls of enchant armour
 e - 13 scrolls of fog
 g - a scroll of brand weapon {unknown}
 h - 19 scrolls of teleportation
 i - 15 scrolls of amnesia
 u - 7 scrolls of enchant weapon
 w - 18 scrolls of remove curse
 x - 11 scrolls of magic mapping
 J - 2 scrolls of blinking
 N - a scroll of silence
 S - 10 scrolls of identify
Potions
 d - 3 potions of might
 s - 18 potions of curing
 t - 11 potions of flight
 v - 8 potions of haste
 z - 2 potions of ambrosia
 A - 5 potions of mutation
 B - 11 potions of heal wounds
 C - 5 potions of magic
 D - 2 potions of resistance
 I - 10 potions of brilliance
 L - 4 potions of berserk rage
 M - 8 potions of cancellation
 P - 2 potions of invisibility
 T - 8 potions of agility
Comestibles
 f - 59 rations


   Skills:
 - Level 22.4 Fighting
   Level 6.4(11.2) Axes
   Level 6.2(11.7) Maces & Flails
   Level 12.8(15.6) Polearms
 - Level 13.9(16.1) Staves
 + Level 12.6 Bows
 - Level 17.8 Armour
 + Level 15.7 Dodging
   Level 7.9 Shields
 + Level 6.1 Spellcasting
 * Level 13.2 Conjurations
 - Level 16.0 Translocations
 * Level 12.0 Transmutations
 - Level 10.4 Invocations
 - Level 2.6 Evocations


You had 31 spell levels left.
You knew the following spells:

 Your Spells              Type           Power        Failure   Level  Hunger
a - Blink                 Tloc           N/A          1%          2    None
b - Irradiate             Conj/Tmut      ######....   12%         5    #####..

Your spell library contained the following spells:

 Spells                   Type           Power        Failure   Level  Hunger
 Magic Dart               Conj           ####         1%          1    None
 Searing Ray              Conj           ######       1%          2    None
 Gell's Gravitas          Tloc           ######....   1%          3    #......
 Lesser Beckoning         Tloc           ######....   1%          3    #......
 Teleport Other           Tloc           ######..     1%          3    #......
 Force Lance              Conj/Tloc      ######..     1%          4    ###....
 Passage of Golubria      Tloc           N/A          1%          4    ###....
 Iskenderun's Mystic Bla  Conj           ######..     3%          4    ###....
 Shroud of Golubria       Chrm/Tloc      #####.....   4%          2    None
 Sting                    Conj/Pois      ####         6%          1    None
 Recall                   Summ/Tloc      N/A          9%          3    #......
 Passwall                 Tmut/Erth      ####....     11%         2    None
 Conjure Flame            Conj/Fire      #####...     16%         3    #......
 Dazzling Spray           Conj/Hex       #####.       16%         3    #......
 Mephitic Cloud           Conj/Pois/Air  ####....     36%         3    #......
 Ignite Poison            Fire/Tmut/Pois ####....     41%         3    #......
 Fulminant Prism          Conj/Hex       #####.....   45%         4    ###....
 Ice Form                 Ice/Tmut       ####....     52%         4    ###....
 Petrify                  Tmut/Erth      ####....     52%         4    ###....
 Confusing Touch          Hex            #.....       58%         1    None
 Corona                   Hex            #......      58%         1    None
 Summon Butterflies       Summ           #.......     58%         1    None
 Summon Small Mammal      Summ           #...         58%         1    None
 Summon Forest            Summ/Tloc      #####.....   61%         5    #####..
 Call Imp                 Summ           #.......     73%         2    None
 Ensorcelled Hibernation  Hex/Ice        #.....       73%         2    None
 Poisonous Vapours        Pois/Air       #.....       73%         2    None
 Slow                     Hex            #.......     73%         2    None
 Sublimation of Blood     Necr           #.........   73%         2    None
 Swiftness                Chrm/Air       #.......     73%         2    None
 Venom Bolt               Conj/Pois      #####.....   80%         5    #####..
 Alistair's Intoxication  Tmut/Pois      ####....     86%         5    #####..
 Yara's Violent Unravell  Hex/Tmut       ####......   86%         5    #####..
 Call Canine Familiar     Summ           #.......     91%         3    #......
 Confuse                  Hex            #.......     91%         3    #......
 Summon Guardian Golem    Hex/Summ       #.......     91%         3    #......
 Tukima's Dance           Hex            #.......     91%         3    #......
 Bolt of Magma            Conj/Fire/Erth ####......   97%         5    #####..
 Airstrike                Air            #.........   100%        4    ###....
 Leda's Liquefaction      Hex/Erth       #.........   100%        4    ###....
 Olgreb's Toxic Radiance  Pois           #.......     100%        4    ###....
 Summon Ice Beast         Ice/Summ       #.......     100%        4    ###....
 Summon Lightning Spire   Summ/Air       #.......     100%        4    ###....
 Aura of Abjuration       Summ           #.........   100%        5    #####..
 Borgnjor's Vile Clutch   Necr/Erth      #.........   100%        5    #####..
 Lee's Rapid Deconstruct  Erth           #.........   100%        5    #####..
 Metabolic Englaciation   Hex/Ice        #.........   100%        5    #####..
 Silence                  Hex/Air        #.........   100%        5    #####..
 Summon Demon             Summ           #.........   100%        5    #####..
 Summon Mana Viper        Hex/Summ       #.......     100%        5    #####..
 Darkness                 Hex            #.........   100%        6    ######.
 Death Channel            Necr           #.........   100%        6    ######.
 Invisibility             Hex            #.......     100%        6    ######.
 Iron Shot                Conj/Erth      #####.....   100%        6    ######.
 Ozocubu's Refrigeration  Ice            #.........   100%        6    ######.
 Shadow Creatures         Summ           N/A          100%        6    ######.
 Statue Form              Tmut/Erth      ####.....    100%        6    ######.
 Haunt                    Necr/Summ      #.........   100%        7    #######
 Summon Hydra             Summ           #.........   100%        7    #######
 Borgnjor's Revivificati  Necr           #.........   100%        8    #######
 Death's Door             Chrm/Necr      #.........   100%        8    #######
 Infestation              Necr           #.........   100%        8    #######
 Necromutation            Tmut/Necr      ####......   100%        8    #######
 Shatter                  Erth           #.........   100%        9    #######
 Tornado                  Air            #.........   100%        9    #######


Dungeon Overview and Level Annotations

Branches:
Dungeon (15/15)            Temple (0/1) D:7            Lair (6/6) D:10
 Shoals (4/4) Lair:2        Snake (4/4) Lair:2        Slime (0/5) Lair:5
    Orc (2/2) D:10            Elf (0/3) Orc:2        Vaults (5/5) D:14
  Crypt (0/3) Vaults:2     Depths (5/5) D:15            Zot (5/5) Depths:5

Altars:
Fedhas
Kikubaaqudgha
Makhleb
Nemelex Xobeh
Okawaru
Ru
Sif Muna
Trog
Vehumet
Xom
Zin
The Shining One
Beogh
Lugonu

Shops:
D:9 !   D:10 !   D:12 *   D:13 :   D:14 [*[   Orc:1 [   Orc:2 [*([   Vaults:1 !
Vaults:4 *   Vaults:5 (   Depths:5 %

Portals:
Hell: Depths:1 Depths:2 Depths:3 Depths:4 Depths:5
Abyss: Depths:1 Depths:4
Pandemonium: Depths:3 Depths:4
Ziggurat: Depths:5

Annotations:
D:5 exclusion: statue, Blork the orc
D:7 3 runed doors, bmj180's ghost, novice MiFi
D:10 2 runed doors, nicolaieve's ghost, journeyman MiBe
Lair:5 exclusion: 2 oklob plants
Shoals:4 3 runed doors, exclusion: obsidian statue, zapotec's ghost, adept MfGl
Vaults:3 1 runed door, Xiraoc's ghost, adept MfGl
Zot:2 2 transporters, exclusion: orange crystal statue


Innate Abilities, Weirdness & Mutations

You have claws for hands.
You are surrounded by a strong repulsion field. (EV +4, RMsl)
Your flesh is heat resistant. (rF+)
You can hurl damnation.
You regenerate a lot of health from kills.
You are completely covered in sharp spines.
You are immune to clouds of flame.
Armour fits poorly on your strangely shaped body.
You are frail. (-10% HP)


Message History

The ancient lich barely misses you.
The ancient lich is struck by your spines.
The ancient lich misses you.
As you read the scroll of teleportation, it crumbles to dust.
You feel strangely unstable.
You feel the Orb delaying your translocation!
The ancient lich touches you but does no damage.
The deathcap draws from the surrounding life force!
* * * LOW HITPOINT WARNING * * *
Okay, then.
You feel much better.
The ancient lich touches you but does no damage.
The ancient lich points at you and mumbles some strange words.
You resist with some effort.
Casting: Blink (safe; 1% risk of failure)
Confirm with . or Enter, or press ? or * to list all spells.
You blink.
The ancient lich gestures at you while chanting.
The bolt of lightning hits you!
You die...

#........^.(.....,,,,*
#....................#
#....................# #
#....................#
###........§...........#
.###.f..f.zL..........#*
...##f).ff...........#*
#..^(f(f..f.........#*
#▓▓▓▓▓#▓▓▓▓▓##8.@.8▓*
****,,,,...........▓*
**,,,,,,,............▓*
,,,,,,,,,.[...........▓*
,,,,,,,,,..............▓
,,,,,,,,,..............▓
,,,,,,,,,.............▓▓
,,,,,,,,,............▓▓
,,,,,,,,,,,,,,,,,,,,**


You could see an ancient lich, a curse toe and 2 wandering mushrooms.

Vanquished Creatures
  4 orbs of fire
  Mara (Vaults:2)
  4 ancient liches (Zot:5)
  Sojobo (Depths:5)
  Frederick (Vaults:4)
  Vashnia (Snake:2)
  Saint Roka (Snake:4)
  3 curse toes (Zot:5)
  A caustic shrike (Depths:3)
  5 Killer Klowns (Zot:5)
  the Enchantress (Depths:1)
  13 golden dragons
  A bone dragon (Abyss:3)
  2 electric golems
  4 liches
  16 tentacled monstrosities
  13 Orb Guardians (Zot:5)
  A titan (Vaults:5)
  9 quicksilver dragons
  A deep elf blademaster (Depths:2)
  Polyphemus (Shoals:4)
  9 death cobs
  2 tentacled starspawn (Abyss:3)
  7 sphinxes
  13 shadow dragons
  8 draconian monks
  5 tengu reavers
  Kirke (Lair:2)
  Agnes (Snake:4)
  Ilsuiw (Shoals:4)
  14 storm dragons
  8 nagarajas (Snake:4)
  15 frost giants
  4 orc warlords
  12 fire giants
  6 draconian knights
  9 draconian scorchers
  An iron dragon (Vaults:5)
  A deep elf sorcerer (Vaults:2)
  An imperial myrmidon (Desolation)
  3 ghost moths
  5 draconian shifters
  13 vault wardens
  13 ironheart preservers
  2 deep elf elementalists
  5 draconian stormcallers
  8 draconian annihilators
  22 stone giants
  A war gargoyle (Vaults:5)
  3 spriggan defenders (Depths:1)
  3 deep elf demonologists (Vaults:5)
  17 green draconians
  3 entropy weavers
  24 very ugly things
  3 vampire knights
  22 black draconians
  A juggernaut skeleton (Depths:1)
  20 white draconians
  2 deep elf annihilators (Vaults:5)
  4 halazid warlocks (Desolation)
  22 red draconians
  19 yellow draconians
  18 purple draconians
  10 spark wasps (Depths:3)
  12 ettins
  13 fire dragons
  2 deep elf death magi
  A blizzard demon (Depths:1)
  4 merfolk javelineers (Shoals:4)
  9 ragged hierophants
  21 yaktaur captains
  13 merfolk impalers
  2 crystal guardians
  3 deep elf high priests
  A green death (Abyss:3)
  15 ice dragons
  13 great orbs of eyes
  17 ogre magi
  5 peacekeepers (Desolation)
  5 rakshasas
  34 vault guards
  5 servants of whispers (Desolation)
  4 hydras
  7 spriggan air magi
  A catoblepas (Shoals:4)
  10 anacondas
  8 naga warriors
  9 centaur warriors
  38 two-headed ogres
  5 merfolk aquamancers (Shoals:4)
  A death knight (Vaults:5)
  8 deep troll shamans
  3 death yaks (Shoals:4)
  9 deep troll earth magi
  2 satyrs
  5 tengu warriors
  11 naga sharpshooters
  8 hell knights (Depths:4)
  6 shock serpents
  3 thrashing horrors (Abyss:3)
  5 deep elf knights
  A storm dragon zombie (Depths:1)
  A titan skeleton (Vaults:4)
  3 wretched stars (Abyss:3)
  3 salamander mystics (Snake:4)
  2 storm dragon skeletons
  An iron troll (Depths:5)
  2 spatial maelstroms (Abyss:3)
  7 skeletal warriors
  9 sea snakes
  3 death drakes (Depths:5)
  A golden dragon zombie (Depths:1)
  4 flayed ghosts
  3 wizards
  7 naga ritualists
  An unseen horror (Abyss:3)
  11 deep elf archers
  4 lindwurms
  5 glowing orange brains
  17 ironbrand convokers
  A shadow demon (Depths:3)
  A tengu zombie (Vaults:5)
  4 necromancers
  31 ugly things
  40 deep trolls
  A wolf spider zombie (D:13)
  26 orc knights
  6 mana vipers
  20 harpies
  7 cyclopes
  2 stone giant zombies (D:15)
  12 fauns
  16 deep elf magi
  A wolf spider (shapeshifter) (Vaults:5)
  An orc sorcerer (Orc:2)
  5 wolf spiders
  18 manticores
  12 salamanders
  2 worldbinders (Abyss:3)
  A sphinx skeleton (Vaults:4)
  31 moths of wrath
  A cyclops (shapeshifter) (Vaults:5)
  9 elephants
  28 black mambas
  7 large abominations (Abyss:3)
  17 vault sentinels
  4 water nymphs
  3 centaur zombies
  A stone giant skeleton (Vaults:4)
  3 smoke demons (Abyss:3)
  4 orange demons
  2 ice statues (Depths:1)
  12 guardian serpents
  2 molten gargoyles (Desolation)
  A gargoyle (D:14)
  19 naga magi
  An efreet (Abyss:3)
  14 spiny frogs
  54 yaktaurs
  2 rime drakes (Lair:3)
  2 kobold demonologists (D:11)
  A spriggan zombie (D:15)
  4 komodo dragons
  A human zombie (Vaults:5)
  A komodo dragon (shapeshifter) (Vaults:1)
  3 freezing wraiths
  A golden dragon simulacrum (Depths:1)
  A spriggan skeleton (D:15)
  A red devil (Depths:3)
  2 ice devils
  2 ancient zymes (Abyss:3)
  6 trolls
  A polar bear (shapeshifter) (Vaults:1)
  A merfolk (shapeshifter) (Vaults:1)
  A meliai (shapeshifter) (Vaults:2)
  53 merfolk
  4 hornets
  A raiju (shapeshifter) (Vaults:5)
  6 wind drakes
  A queen bee (D:8)
  13 polar bears
  Prince Ribbit (Lair:2)
  A hornet (shapeshifter) (Vaults:3)
  22 blink frogs
  22 slime creatures
  42 saltlings
  A wolf spider simulacrum (D:14)
  A blink frog (shapeshifter) (D:15)
  An ettin zombie (Vaults:4)
  A hippogriff (shapeshifter) (D:15)
  9 snapping turtles
  4 dream sheep (Shoals:2)
  4 raiju (Abyss:3)
  A meliai zombie (D:12)
  5 hippogriffs
  A human simulacrum (Vaults:2)
  Sigmund (D:4)
  2 shadows
  A spriggan (shapeshifter) (Depths:3)
  2 spriggans (Depths:1)
  18 yaks
  5 water elementals
  7 redbacks
  A tarantella (shapeshifter) (Vaults:4)
  15 wyverns
  A ynoxinul (Abyss:3)
  4 wraiths
  A hog (shapeshifter) (Vaults:2)
  4 vampires
  2 tarantellas
  2 basilisks
  3 fire bats (Depths:1)
  A human (shapeshifter) (Abyss:3)
  A chaos spawn (Abyss:3)
  2 neqoxecs
  A hog (Shoals:1)
  15 wargs
  2 vampire mosquitoes (D:13)
  A hungry ghost (D:15)
  A spatial vortex (Abyss:3)
  A soldier ant (shapeshifter) (Depths:1)
  An acid dragon (D:9)
  54 nagas
  21 water moccasins
  3 porcupines
  20 hell hounds
  A swamp drake (shapeshifter) (Vaults:5)
  A hornet zombie (D:9)
  2 swamp drakes (Depths:5)
  11 black bears (Lair:6)
  An ettin simulacrum (Vaults:5)
  60 orc warriors
  6 small abominations
  4 sky beasts
  9 ice beasts
  A phantom (D:6)
  An ogre (shapeshifter) (Vaults:5)
  A black bear (shapeshifter) (Vaults:4)
  An eye of draining (shapeshifter) (Vaults:2)
  49 ogres
  11 centaurs
  2 eyes of draining (D:15)
  2 necrophages
  6 crocodiles
  23 wolves
  4 big kobolds
  A big kobold (shapeshifter) (Depths:2)
  19 bullfrogs
  5 scorpions
  A scorpion (shapeshifter) (Vaults:5)
  21 killer bees
  7 howler monkeys
  9 wights
  2 crimson imps
  A bullfrog zombie (D:13)
  A hound (shapeshifter) (Vaults:5)
  5 hounds
  28 orc priests
  36 orc wizards
  3 quasits (Depths:3)
  An iron imp (Abyss:3)
  9 jellies
  A bullfrog skeleton (D:6)
  6 centaur skeletons
  3 iguanas
  Terence (D:2)
  11 merfolk sirens
  7 worker ants
  7 hell rats (Lair:5)
  3 merfolk avatars
  A hound skeleton (D:8)
  2 worker ant zombies
  Robin (D:2)
  19 adders
  10 gnolls
  A howler monkey skeleton (D:9)
  A river rat (Sewer)
  6 shadow imps
  6 white imps
  An ufetubus (Abyss:3)
  16 oozes (D:13)
  An adder zombie (D:8)
  2 worms
  A dart slug (D:1)
  6 leopard geckos
  132 orcs
  6 ball pythons
  5 giant cockroaches
  17 goblins
  14 hobgoblins
  14 jackals
  4 quokkas
  3 bats
  5 frilled lizards
  23 kobolds
  A quokka skeleton (D:5)
  27 rats
  A bush (Depths:2)
  A butterfly (Lair:2)
  2 crawling corpses (Vaults:5)
  2 plants
  4 starspawn tentacles (Abyss:3)
2404 creatures vanquished.

Vanquished Creatures (others)
  2 shadow dragons
  A draconian knight (Zot:2)
  An ironheart preserver (Vaults:5)
  A ragged hierophant (Desolation)
  A two-headed ogre (Depths:1)
  A naga ritualist (Snake:4)
  A wizard (Vaults:2)
  A moth of wrath (Zot:5)
  A yaktaur (Vaults:5)
  2 saltlings (Desolation)
  A hornet (Vaults:5)
  2 humans (Shoals:1)
  A naga (Snake:2)
  3 ogres
  2 orcs (Vaults:5)
  9 bushes (Depths:2)
  19 fungi
  64 plants
  6 starspawn tentacles (Abyss:3)
  4 toadstools (D:1)
  3 withered plants (D:15)
126 creatures vanquished.

Grand Total: 2530 creatures vanquished

Notes
Turn   | Place    | Note
-------+----------+-------------------------------------------
     0 | D:1      | trianova the Demonspawn Fighter began the quest for the
                  | Orb.
     0 | D:1      | Reached XP level 1. HP: 18/18 MP: 1/1
   187 | D:1      | Gained mutation: You regenerate a little health from kills.
                  | [demonic ancestry]
   187 | D:1      | Reached XP level 2. HP: 21/24 MP: 2/2
   817 | D:2      | Noticed Terence
  1142 | D:2      | Reached XP level 3. HP: 24/29 MP: 3/3
  1350 | D:2      | Noticed Robin
  1369 | D:2      | Killed Robin
  1369 | D:2      | Reached XP level 4. HP: 35/35 MP: 4/4
  1502 | D:2      | Killed Terence
  1810 | D:2      | Found a deep blue altar of Sif Muna.
  1972 | D:3      | Found a glowing drain.
  1979 | D:3      | Found a blossoming altar of Fedhas.
  1989 | Sewer    | Entered a sewer
  2074 | Sewer    | Gained mutation: You are surrounded by a mild repulsion
                  | field. (EV +2) [demonic ancestry]
  2074 | Sewer    | Reached XP level 5. HP: 40/41 MP: 5/5
  2131 | Sewer    | Reached skill level 5 in Axes
  3231 | D:3      | Gained mutation: You regenerate health from kills. [demonic
                  | ancestry]
  3231 | D:3      | Reached XP level 6. HP: 37/47 MP: 6/6
  3387 | D:3      | Found an iron altar of Okawaru.
  3399 | D:3      | Became a worshipper of Warmaster Okawaru
  3842 | D:4      | Found a sacrificial altar of Ru.
  3878 | D:4      | Noticed Sigmund
  3883 | D:4      | Killed Sigmund
  3883 | D:4      | Reached skill level 1 in Dodging
  3883 | D:4      | Gained mutation: You regenerate a lot of health from kills.
                  | [demonic ancestry]
  3883 | D:4      | Reached XP level 7. HP: 46/52 MP: 7/7
  4018 | D:5      | Entered Level 5 of the Dungeon
  4352 | D:5      | Reached * piety under Okawaru
  4466 | D:5      | Found a radiant altar of Vehumet.
  4476 | D:5      | Noticed Blork the orc
  4726 | D:6      | Reached skill level 5 in Armour
  4726 | D:6      | Reached skill level 5 in Shields
  4726 | D:6      | Gained mutation: You are surrounded by a moderate repulsion
                  | field. (EV +3) [demonic ancestry]
  4726 | D:6      | Reached XP level 8. HP: 44/58 MP: 8/8
  4928 | D:6      | Found a glowing golden altar of the Shining One.
  4977 | D:6      | Reached ** piety under Okawaru
  5100 | D:6      | Found a glowing silver altar of Zin.
  5555 | D:7      | Reached skill level 1 in Maces & Flails
  5555 | D:7      | Reached skill level 1 in Invocations
  5648 | D:7      | Found a runed gate.
  5648 | D:7      | Found a runed gate.
  5648 | D:7      | Found a runed gate.
  5677 | D:7      | Noticed a kobold demonologist
  5677 | D:7      | Noticed bmj180's ghost (novice MiFi)
  5887 | D:7      | Found a staircase to the Ecumenical Temple.
  6152 | D:8      | Gained mutation: You are surrounded by a strong repulsion
                  | field. (EV +4, RMsl) [demonic ancestry]
  6152 | D:8      | Reached XP level 9. HP: 64/64 MP: 8/10
  6654 | D:8      | Reached *** piety under Okawaru
  6735 | D:8      | Noticed a queen bee
  6774 | D:8      | Killed a queen bee
  6850 | D:8      | Reached skill level 4 in Fighting
  7106 | D:8      | Reached **** piety under Okawaru
  7106 | D:8      | Reached skill level 5 in Invocations
  7109 | D:8      | Found a bloodstained altar of Trog.
  7139 | D:8      | Found a sparkling altar of Nemelex Xobeh.
  7224 | D:8      | Found a shimmering altar of Xom.
  7575 | D:9      | Found an ancient bone altar of Kikubaaqudgha.
  7669 | D:9      | Gained mutation: You are partially covered in sharp spines.
                  | [demonic ancestry]
  7669 | D:9      | Reached XP level 10. HP: 47/72 MP: 12/14
  7704 | D:9      | Reached skill level 5 in Maces & Flails
  7806 | D:9      | Found Tuuscheat's Distillery.
  8262 | D:10     | Entered Level 10 of the Dungeon
  8302 | D:10     | Got a polished cloak
  8314 | D:10     | Identified the +2 cloak of Ruysmu {rPois Str-4 SInv} (You
                  | found it on level 10 of the Dungeon)
  8519 | D:10     | Found a large runed door.
  8520 | D:10     | Found a large runed door.
  8521 | D:10     | Noticed nicolaieve's ghost (journeyman MiBe)
  8541 | D:10     | Reached ***** piety under Okawaru
  8739 | D:10     | Got a twisted halberd {flame}
  8745 | D:10     | Identified the +6 halberd "Miukaosch" {flame, Dex+5} (You
                  | took it off an orc on level 10 of the Dungeon)
  8748 | D:10     | Found a staircase to the Orcish Mines.
  8771 | D:10     | Found Baor's Distillery.
  9029 | D:10     | Found a staircase to the Lair.
  9072 | D:10     | Reached skill level 1 in Polearms
  9154 | Lair:1   | Entered Level 1 of the Lair of Beasts
  9200 | Lair:1   | Reached skill level 5 in Fighting
  9361 | Lair:1   | Got a pitted scale mail
  9372 | Lair:1   | Identified the cursed +1 scale mail of Valiance {Dex+5}
                  | (You found it on level 1 of the Lair of Beasts)
  9438 | Lair:1   | Noticed a spiny frog
  9443 | Lair:1   | Killed a spiny frog
  9443 | Lair:1   | Gained mutation: You have sharp fingernails. [demonic
                  | ancestry]
  9443 | Lair:1   | Reached XP level 11. HP: 63/79 MP: 16/16
  9546 | Lair:1   | Received a gift from Okawaru
  9547 | Lair:1   | Got a faintly glowing scale mail {god gift}
  9574 | Lair:1   | Identified the +0 scale mail "Soh Qiar" {rC+++ Regen+ Str-4
                  | Int+4} (Okawaru gifted it to you on level 1 of the Lair of
                  | Beasts)
  9826 | Lair:1   | Got a distressingly furry chain mail
  9837 | Lair:1   | Identified the cursed +1 chain mail "Nezizu" {rN+} (You
                  | found it on level 1 of the Lair of Beasts)
  9950 | Lair:2   | Found a staircase to the Snake Pit.
 10038 | Lair:2   | Reached skill level 5 in Polearms
 10045 | Lair:2   | Found a staircase to the Shoals.
 10086 | Lair:2   | Noticed Prince Ribbit
 10268 | Lair:2   | Noticed a six-headed hydra
 10277 | Lair:2   | Killed a one-headed hydra
 10487 | Lair:2   | Reached skill level 6 in Fighting
 10835 | Lair:3   | Noticed a six-headed hydra
 10844 | Lair:3   | Killed a one-headed hydra
 10844 | Lair:3   | Received a gift from Okawaru
 10845 | Lair:3   | Got a shimmering great mace {god gift}
 11088 | Lair:3   | Identified the +3 great mace of a wizard's laboratory
                  | {antimagic, rElec rPois rC++ Dex-4} (Okawaru gifted it to
                  | you on level 3 of the Lair of Beasts)
 11190 | Lair:3   | Reached XP level 12. HP: 52/88 MP: 19/19
 11547 | Lair:3   | Reached skill level 10 in Invocations
 12214 | Lair:4   | Received a gift from Okawaru
 12366 | Lair:4   | Found a labyrinth entrance.
 12691 | Lair:5   | Reached skill level 7 in Fighting
 12915 | Lair:5   | Reached skill level 5 in Dodging
 12924 | Lair:5   | Reached ****** piety under Okawaru
 13087 | Lair:5   | Found a dark tunnel.
 13197 | Lair:5   | Noticed a seven-headed hydra
 13207 | Lair:5   | Killed a four-headed hydra
 13465 | Lair:5   | Found a staircase to the Slime Pits.
 13593 | Lair:6   | Entered Level 6 of the Lair of Beasts
 13599 | Lair:6   | Reached skill level 8 in Fighting
 13603 | Lair:6   | Gained mutation: You are mostly covered in sharp spines.
                  | [demonic ancestry]
 13603 | Lair:6   | Reached XP level 13. HP: 51/98 MP: 20/20
 13654 | Lair:6   | Received a gift from Okawaru
 13695 | Lair:6   | Reached skill level 10 in Polearms
 13948 | Orc:1    | Entered Level 1 of the Orcish Mines
 13948 | Orc:1    | Noticed an orc warlord
 13972 | Orc:1    | Found Dekkex's Armour Shoppe.
 14016 | Orc:1    | Killed an orc warlord
 14073 | Orc:1    | Bought a +2 cloak of poison resistance for 240 gold pieces
 14178 | Orc:2    | Entered Level 2 of the Orcish Mines
 14209 | Orc:2    | Found a burning altar of Makhleb.
 14257 | Orc:2    | Found a staircase to the Elven Halls.
 14295 | Orc:2    | Reached skill level 9 in Fighting
 14497 | Orc:2    | Received a gift from Okawaru
 14598 | Orc:2    | Found Ithuoc's Antique Weapon Shop.
 14598 | Orc:2    | Found Guhinig's Armour Shoppe.
 14708 | Orc:2    | Found a roughly hewn altar of Beogh.
 14758 | Orc:2    | Found Jaupt's Armour Shop.
 14758 | Orc:2    | Found Qofuub's Assorted Antiques.
 14928 | Orc:2    | Bought the +0 helmet of the Depths {Str+6} for 385 gold
                  | pieces
 14948 | Orc:2    | Bought an ichor-stained chain mail for 294 gold pieces
 14958 | Orc:2    | Identified the +1 chain mail of Grace {+Blink rElec} (You
                  | bought it in a shop on level 2 of the Orcish Mines)
 15285 | Orc:1    | Gained mutation: You have very sharp fingernails. [demonic
                  | ancestry]
 15285 | Orc:1    | Reached XP level 14. HP: 108/108 MP: 21/21
 16175 | Lair:6   | Received a gift from Okawaru
 16176 | Lair:6   | Found the +7 lajatang of Order {silver, rMut}
 16244 | Lair:6   | Reached skill level 10 in Fighting
 16417 | Lair:6   | Reached skill level 1 in Staves
 16898 | Lair:6   | Received a gift from Okawaru
 17241 | D:11     | Reached skill level 10 in Armour
 17249 | D:11     | Got a translucent ruby amulet
 17251 | D:11     | Identified the amulet "Moeklipp" {Gourm +Inv rElec MR-
                  | Dex-3} (You took it off a big kobold on level 11 of the
                  | Dungeon)
 17315 | D:11     | Reached skill level 5 in Staves
 18147 | D:12     | Learned a level 2 spell: Blink
 18274 | D:12     | Got a vibrating bronze ring
 18377 | D:12     | Found Kyatuenn's General Store.
 18387 | D:12     | Bought a +3 ring of slaying for 630 gold pieces
 18388 | D:12     | Identified the ring of the Good {rPois rN+} (You found it
                  | on level 12 of the Dungeon)
 18916 | D:13     | Found Keudeam's Book Emporium.
 18926 | D:13     | Received a gift from Okawaru
 18974 | D:13     | Reached XP level 15. HP: 117/117 MP: 22/22
 19471 | D:13     | Got a transparent chain mail
 19485 | D:13     | Identified the +4 chain mail of the Lair of Beasts {-Cast
                  | +Inv rN++ Regen+} (You found it on level 13 of the Dungeon)
 19568 | D:14     | Reached skill level 11 in Fighting
 19624 | D:14     | Found Townil's Antique Armour Boutique.
 19627 | D:14     | Bought a pair of transparent boots for 285 gold pieces
 19637 | D:14     | Identified the cursed +0 pair of boots of Dim Light {+Inv
                  | Int+3} (You bought it in a shop on level 14 of the Dungeon)
 19786 | D:14     | Found Niupi's General Store.
 19942 | D:14     | Found Avedo's Antique Armour Boutique.
 20362 | D:15     | Entered Level 15 of the Dungeon
 20618 | D:15     | Found a staircase to the Depths.
 21335 | Shoals:1 | Entered Level 1 of the Shoals
 21738 | D:14     | Reached skill level 1 in Bows
 21741 | D:14     | Received a gift from Okawaru
 21870 | D:14     | Found a gate to the Vaults.
 22301 | Shoals:1 | Noticed Kirke
 22359 | Lair:2   | HP: 5/119 [lindwurm[Kirke] (18)]
 22359 | Lair:2   | HP: 1/119 [lindwurm[Kirke] (4)]
 22726 | Lair:2   | Killed Prince Ribbit
 22870 | Lair:2   | Killed Kirke
 23003 | Shoals:1 | Reached skill level 5 in Bows
 24220 | Shoals:2 | Reached XP level 16. HP: 53/126 MP: 20/23
 24222 | Shoals:2 | Reached skill level 10 in Staves
 24384 | Shoals:2 | Cast into level 3 of the Abyss (merfolk impaler)
 24523 | Abyss:3  | Received a gift from Okawaru
 24638 | Abyss:3  | Received a gift from Okawaru
 24639 | Abyss:3  | Got a faintly humming crystal plate armour {god gift}
 24650 | Abyss:3  | Identified the +13 crystal plate armour of Prudence {rC+
                  | Regen+ Str+4} (Okawaru gifted it to you on level 3 of the
                  | Abyss)
 24701 | Shoals:2 | Escaped the Abyss
 25485 | Snake:1  | Entered Level 1 of the Snake Pit
 25680 | Snake:1  | Reached skill level 12 in Fighting
 26165 | Snake:1  | Found a shimmering altar of Xom.
 26342 | Snake:2  | Noticed Vashnia
 26365 | Snake:2  | Received a gift from Okawaru
 26386 | Snake:2  | Killed Vashnia
 26386 | Snake:2  | Received a gift from Okawaru
 26387 | Snake:2  | Found the +4 skin of Zhor {rC+++}
 27463 | Snake:3  | Found a glowing golden altar of the Shining One.
 27469 | Snake:3  | Gained mutation: You have claws for hands. [demonic
                  | ancestry]
 27469 | Snake:3  | Reached XP level 17. HP: 133/135 MP: 18/24
 28329 | Snake:4  | Entered Level 4 of the Snake Pit
 28334 | Snake:4  | Noticed Saint Roka
 28367 | Snake:4  | Killed Saint Roka
 28684 | Snake:4  | Received a gift from Okawaru
 28743 | Snake:4  | Received a gift from Okawaru
 28787 | Snake:4  | Reached skill level 13 in Fighting
 28942 | Snake:4  | Noticed Agnes
 28952 | Snake:4  | Killed Agnes
 28952 | Snake:4  | Received a gift from Okawaru
 28953 | Snake:4  | Got a warped longbow {god gift}
 28954 | Snake:4  | Identified the +1 longbow "Kader" {speed, rC+ Str+4 Int+3
                  | Dex-4} (Okawaru gifted it to you on level 4 of the Snake
                  | Pit)
 29369 | Snake:4  | Got a serpentine rune of Zot
 29850 | Vaults:1 | Entered Level 1 of the Vaults
 29882 | Vaults:1 | Found Puischiv's Distillery.
 29908 | Vaults:1 | Bought a potion of curing for 57 gold pieces
 29908 | Vaults:1 | Bought a potion of flight for 57 gold pieces
 29975 | Vaults:1 | Found a ruined gateway.
 29988 | Vaults:1 | Received a gift from Okawaru
 29996 | Desolati | Entered the Desolation of Salt
 30057 | Desolati | Gained mutation: Your flesh is heat resistant. (rF+)
                  | [demonic ancestry]
 30057 | Desolati | Reached XP level 18. HP: 63/145 MP: 18/25
 30073 | Desolati | Received a gift from Okawaru
 30236 | Desolati | Reached skill level 14 in Fighting
 30355 | Desolati | Got a twitching copper ring
 30356 | Desolati | Identified the Incunabulum of Displacement and Flight
 30423 | Desolati | Received a gift from Okawaru
 30442 | Desolati | Identified the Compendium of Spatial Evil
 30464 | Desolati | Got a pitted lead ring
 30467 | Desolati | Got a pitted bone ring
 30472 | Desolati | Identified the ring "Beuf" {rC- AC+4 Dex+6} (You found it
                  | in the Desolation of Salt)
 30474 | Desolati | Identified the ring of the Jackalope {+Fly rPois rC- MR+
                  | Str+4} (You found it in the Desolation of Salt)
 30476 | Desolati | Identified the ring of the Enemy {-Tele rPois rN+ Int+2
                  | Dex+3} (You found it in the Desolation of Salt)
 30933 | Vaults:1 | Reached skill level 15 in Fighting
 30949 | Vaults:1 | Received a gift from Okawaru
 31158 | Vaults:1 | Paralysed by a sphinx for 4 turns
 31166 | Vaults:1 | Received a gift from Okawaru
 31176 | Vaults:1 | Reached skill level 10 in Bows
 31286 | Vaults:1 | Received a gift from Okawaru
 31513 | Vaults:2 | Noticed Mara
 31539 | Vaults:2 | Killed Mara
 31562 | Vaults:2 | Received a gift from Okawaru
 31724 | Vaults:2 | Reached skill level 16 in Fighting
 31785 | Vaults:2 | Reached XP level 19. HP: 157/157 MP: 20/26
 31985 | Vaults:2 | Received a gift from Okawaru
 32399 | Vaults:2 | Reached skill level 17 in Fighting
 32500 | Vaults:2 | Found a staircase to the Crypt.
 33850 | Vaults:3 | Cast into level 3 of the Abyss (a lich)
 33872 | Abyss:3  | Noticed a bone dragon
 33887 | Abyss:3  | Killed a bone dragon
 34068 | Abyss:3  | Received a gift from Okawaru
 34081 | Vaults:3 | Escaped the Abyss
 34521 | Vaults:3 | Reached skill level 18 in Fighting
 34571 | Vaults:3 | Received a gift from Okawaru
 34813 | Vaults:3 | Found a runed door.
 34815 | Vaults:3 | Noticed Xiraoc's ghost (adept MfGl)
 34879 | Vaults:3 | Paralysed by an ogre mage for 5 turns
 35175 | Vaults:4 | Noticed Frederick
 35201 | Vaults:4 | Killed Frederick
 35201 | Vaults:4 | Reached skill level 1 in Translocations
 35201 | Vaults:4 | Gained mutation: You are immune to clouds of flame.
                  | [demonic ancestry]
 35201 | Vaults:4 | Reached XP level 20. HP: 150/172 MP: 21/27
 35864 | Vaults:4 | Gained mutation: Armour fits poorly on your strangely
                  | shaped body. [a neqoxec]
 35971 | Vaults:4 | Reached skill level 19 in Fighting
 36026 | Vaults:4 | Found Ogheefepp's General Store.
 36033 | Vaults:4 | Received a gift from Okawaru
 36038 | Vaults:4 | Bought 2 potions of heal wounds for 110 gold pieces
 36677 | Shoals:4 | Entered Level 4 of the Shoals
 36677 | Shoals:4 | Noticed Polyphemus
 36695 | Shoals:4 | Killed Polyphemus
 36899 | Shoals:4 | Received a gift from Okawaru
 36927 | Shoals:4 | Noticed Ilsuiw
 36947 | Shoals:4 | Killed Ilsuiw
 37014 | Shoals:4 | Received a gift from Okawaru
 37014 | Shoals:4 | Reached skill level 15 in Armour
 37086 | Shoals:4 | Received a gift from Okawaru
 37289 | Shoals:4 | Got a barnacled rune of Zot
 37394 | Shoals:4 | Found a runed gate.
 37395 | Shoals:4 | Noticed zapotec's ghost (adept MfGl)
 37396 | Shoals:4 | Found a runed gate.
 37396 | Shoals:4 | Found a runed gate.
 37415 | Shoals:4 | Reached skill level 5 in Translocations
 38323 | Depths:1 | Entered Level 1 of the Depths
 38337 | Depths:1 | Gained mutation: You are completely covered in sharp
                  | spines. [demonic ancestry]
 38337 | Depths:1 | Reached XP level 21. HP: 179/182 MP: 21/28
 38342 | Depths:1 | Reached skill level 20 in Fighting
 38805 | Depths:1 | Received a gift from Okawaru
 38906 | Depths:1 | Noticed the Enchantress
 38955 | Depths:1 | Killed the Enchantress
 38961 | Depths:1 | Got faerie dragon scales
 38962 | Depths:1 | Identified the +6 faerie dragon scales {rElec rF- Regen+
                  | rCorr Dex+6} (You took it off the Enchantress on level 1 of
                  | the Depths)
 38969 | Depths:1 | Received a gift from Okawaru
 39094 | Depths:1 | Found a gateway to Hell.
 39134 | Depths:1 | Found a one-way gate to the infinite horrors of the Abyss.
 39172 | Depths:1 | Received a gift from Okawaru
 39669 | Depths:2 | Received a gift from Okawaru
 39774 | Depths:2 | Reached skill level 21 in Fighting
 40727 | Depths:2 | Found an iron altar of Okawaru.
 40738 | Depths:2 | Reached XP level 22. HP: 163/194 MP: 29/29
 40747 | Depths:2 | Received a gift from Okawaru
 40775 | Depths:2 | Got a faintly glowing helmet
 40776 | Depths:2 | Identified the +2 helmet of Tenacity {Dex+3} (You found it
                  | on level 2 of the Depths)
 41001 | Depths:3 | Noticed a caustic shrike
 41009 | Depths:3 | Killed a caustic shrike
 41059 | Depths:3 | Noticed a golden dragon
 41103 | Depths:3 | Received a gift from Okawaru
 41109 | Depths:3 | Noticed a golden dragon
 41117 | Depths:3 | Killed a golden dragon
 41139 | Depths:3 | Killed a golden dragon
 41162 | Depths:3 | Received a gift from Okawaru
 41186 | Depths:3 | Got a steaming glass ring
 41267 | Depths:3 | Noticed a golden dragon
 41282 | Depths:3 | Killed a golden dragon
 41282 | Depths:3 | Received a gift from Okawaru
 41365 | Depths:3 | Got a coiled wooden ring
 41367 | Depths:3 | Identified the ring of Lumnicey {+Inv rPois MP+9} (You
                  | found it on level 3 of the Depths)
 41369 | Depths:3 | Identified the ring of Tealoon {+Fly rN+ MR+ Int+4 Stlth-}
                  | (You took it off a fire giant on level 3 of the Depths)
 41381 | Depths:3 | Got a translucent granite ring
 41383 | Depths:3 | Identified the ring of Curiosity {EV+1 Dex+2} (You found it
                  | on level 3 of the Depths)
 41405 | Depths:3 | Got a smoking gossamer ring
 41581 | Depths:3 | Received a gift from Okawaru
 41590 | Depths:3 | Reached skill level 22 in Fighting
 41718 | Depths:3 | Found a one-way gate leading to the halls of Pandemonium.
 42368 | Depths:4 | Received a gift from Okawaru
 42392 | Depths:4 | Found a corrupted altar of Lugonu.
 42438 | Depths:4 | Noticed a golden dragon
 42458 | Depths:4 | Killed a golden dragon
 42504 | Depths:4 | Received a gift from Okawaru
 42582 | Depths:4 | Reached XP level 23. HP: 196/204 MP: 22/30
 42600 | Depths:4 | Received a gift from Okawaru
 42973 | Depths:5 | Entered Level 5 of the Depths
 43016 | Depths:5 | Paralysed by a lich for 2 turns
 43150 | Depths:5 | Found a gateway to a ziggurat.
 43233 | Depths:5 | Noticed Sojobo
 43265 | Depths:5 | Killed Sojobo
 43265 | Depths:5 | Received a gift from Okawaru
 43266 | Depths:5 | Got a jewelled dagger {god gift}
 43271 | Depths:5 | Reached skill level 10 in Translocations
 43287 | Depths:5 | Found Aceofun's Food Shoppe.
 43538 | Depths:5 | Found a gate to the Realm of Zot.
 43711 | Depths:5 | Received a gift from Okawaru
 44227 | Vaults:4 | Identified the cursed ring "Bieteywo" {EV-3 Int+2 Dex+2}
                  | (You found it on level 3 of the Depths)
 44235 | Vaults:5 | Entered Level 5 of the Vaults
 44314 | Vaults:5 | Received a gift from Okawaru
 44495 | Vaults:5 | Reached skill level 10 in Dodging
 44578 | Vaults:5 | Reached XP level 24. HP: 212/212 MP: 30/30
 44595 | Vaults:5 | Received a gift from Okawaru
 44806 | Vaults:5 | Reached skill level 1 in Evocations
 44987 | Vaults:5 | Received a gift from Okawaru
 45007 | Vaults:5 | Received a gift from Okawaru
 45365 | Vaults:5 | Found the +2 hat of the Bear Spirit {Spirit, +Rage rN+
                  | MR++}
 45383 | Vaults:5 | Identified the Almanac of the Birds and the Snowflakes
 45904 | Vaults:5 | Found Borik's Weapon Shoppe.
 46044 | Vaults:5 | Got a silver rune of Zot
 46415 | Zot:1    | Entered Level 1 of the Realm of Zot
 46418 | Zot:1    | Noticed an orb of fire
 46472 | Zot:1    | Received a gift from Okawaru
 46839 | Zot:1    | Gained mutation: You can hurl damnation. [demonic ancestry]
 46839 | Zot:1    | Reached XP level 25. HP: 211/219 MP: 0/30
 47081 | Zot:1    | Received a gift from Okawaru
 47159 | Zot:1    | Received a gift from Okawaru
 47216 | Zot:1    | Reached skill level 15 in Translocations
 47279 | Zot:1    | Received a gift from Okawaru
 47375 | Zot:1    | Killed an orb of fire
 47562 | Zot:1    | Reached skill level 15 in Dodging
 48079 | Zot:2    | Received a gift from Okawaru
 48205 | Zot:2    | Learned a level 5 spell: Irradiate
 48266 | Zot:2    | Reached skill level 1 in Conjurations
 48266 | Zot:2    | Reached skill level 1 in Transmutations
 48328 | Zot:2    | Reached skill level 1 in Spellcasting
 48432 | Zot:2    | Reached XP level 26. HP: 223/223 MP: 26/30
 48494 | Zot:2    | Received a gift from Okawaru
 48494 | Zot:2    | Reached skill level 5 in Conjurations
 48495 | Zot:2    | Got an ominously black robe {god gift}
 48543 | Zot:2    | Found a transporter.
 48977 | Zot:2    | Found a transporter.
 49284 | Zot:3    | Reached skill level 5 in Transmutations
 50781 | Zot:5    | Entered Level 5 of the Realm of Zot
 50856 | Zot:5    | Received a gift from Okawaru
 52054 | Zot:5    | Received a gift from Okawaru
 52118 | Zot:5    | Reached skill level 10 in Conjurations
 52345 | Zot:5    | Noticed an ancient lich
 52376 | Zot:5    | Killed an ancient lich
 52380 | Zot:5    | Received a gift from Okawaru
 52506 | Zot:5    | Noticed an orb of fire
 52535 | Zot:5    | Gained mutation: You are frail. (-10% HP) [an orb of fire]
 52536 | Zot:5    | Killed an orb of fire
 52536 | Zot:5    | Reached XP level 27. HP: 188/209 MP: 24/30
 52549 | Zot:5    | Reached skill level 10 in Transmutations
 52656 | Zot:5    | Noticed an orb of fire
 52656 | Zot:5    | Noticed an ancient lich
 52689 | Zot:5    | Killed an ancient lich
 52713 | Zot:5    | Killed an orb of fire
 52713 | Zot:5    | Reached skill level 5 in Spellcasting
 52934 | Zot:5    | Identified a scroll of acquirement
 52935 | Zot:5    | Got a scorched copper ring
 52937 | Zot:5    | Identified the ring "Buagol Pygoa" {Wiz Str-3 Int+9 Dex-5
                  | Slay+4 Stlth+} (You acquired it on level 5 of the Realm of
                  | Zot)
 53133 | Zot:5    | Noticed an ancient lich
 53143 | Zot:5    | Noticed an ancient lich
 53151 | Zot:5    | Killed an ancient lich
 53156 | Zot:5    | Received a gift from Okawaru
 53176 | Zot:5    | Killed an ancient lich
 53184 | Zot:5    | Noticed an orb of fire
 53214 | Zot:5    | Received a gift from Okawaru
 53289 | Zot:5    | Killed an orb of fire
 53317 | Zot:5    | Noticed an ancient lich
 53326 | Zot:5    | Killed from afar by an ancient lich

Skill      XL: |  1  2  3  4  5  6  7  8  9 10 11 12 13 14 15 16 17 18 19 20 21 22 23 24 25 26 27 |
---------------+----------------------------------------------------------------------------------+-----
Axes           | 2 3 4 5 6 |  6.4
Armour         | 3 5 6 7 8 9 10 11 13 14 15 16 17 | 17.8
Shields        | 3 5 6 7 |  7.9
Dodging        | 1 2 3 4 5 7 10 13 15 | 15.7
Maces & Flails | 1 4 6 |  6.2
Invocations    | 1 5 7 9 10 | 10.4
Fighting       | 4 5 6 8 9 10 11 12 13 16 18 19 21 22 | 22.4
Polearms       | 2 7 9 12 | 12.8
Staves         | 7 9 12 13 | 13.9
Bows           | 7 8 9 10 11 12 | 12.6
Translocations | 1 5 7 9 11 13 16 | 16.0
Evocations     | 1 2 |  2.6
Conjurations   | 3 11 13 | 13.2
Transmutations | 3 9 12 | 12.0
Spellcasting   | 1 4 6 |  6.1

Action                   |  1- 3 |  4- 6 |  7- 9 | 10-12 | 13-15 | 16-18 | 19-21 | 22-24 | 25-27 || total
-------------------------+-------+-------+-------+-------+-------+-------+-------+-------+-------++-------
Melee: War axe           |   127 |    11 |       |       |       |       |       |       |       ||   138
       Morningstar       |       |   218 |   505 |   106 |       |       |       |       |       ||   829
       Halberd           |       |       |       |   423 |   525 |       |       |       |       ||   948
       Lajatang          |       |       |       |       |   863 |  1319 |  1681 |  1591 |  1361 ||  6815
       Unarmed           |       |       |       |       |     9 |       |       |       |       ||     9
 Fire: Longbow           |       |       |       |       |    10 |    18 |    42 |    54 |     3 ||   127
 Cast: Blink             |       |       |       |       |       |       |       |       |     8 ||     8
       Irradiate         |       |       |       |       |       |       |       |       |     6 ||     6
Invok: Heroism           |       |       |     2 |     8 |    10 |    16 |    18 |    35 |    29 ||   118
       Finesse           |       |       |       |       |     4 |    12 |     8 |     7 |     8 ||    39
 Abil: Hurl Damnation    |       |       |       |       |       |       |       |       |     7 ||     7
Evoke: Wand              |       |       |       |       |       |       |       |     1 |       ||     1
  Use: Scroll            |       |     1 |     1 |    21 |    10 |     9 |     4 |     7 |     3 ||    56
       Potion            |       |       |       |       |     8 |     6 |     1 |     3 |     7 ||    25
 Stab: Distracted        |       |       |     1 |       |       |       |       |       |       ||     1
       Confused          |       |       |       |       |       |       |       |       |     6 ||     6
  Eat: Chunk             |     2 |     4 |     7 |    13 |    23 |    18 |    24 |    13 |     5 ||   109
       Ration            |       |     1 |     2 |     2 |     4 |     2 |     3 |     2 |     6 ||    22
Armor: Scale mail        |    38 |       |       |   146 |     4 |       |       |       |       ||   188
       Chain mail        |    70 |   184 |   375 |    65 |   192 |    44 |       |       |       ||   930
       Plate armour      |       |       |       |       |   442 |       |       |       |       ||   442
       Crystal plate arm |       |       |       |       |       |   828 |  1120 |   977 |   713 ||  3638
Dodge: Dodged            |    46 |    73 |   301 |   437 |   949 |   818 |  1168 |  1042 |   951 ||  5785
       Deflected         |       |       |       |     7 |    40 |   136 |   103 |    68 |    41 ||   395
Block: Shield            |    91 |   136 |   373 |    79 |       |       |       |       |       ||   679
